 Dungeon Crawl Stone Soup version 0.25.1-2-g60ff931df9 (webtiles) character file.

Game seed: 13542625906920725373

6161 DildoBatman the Conjurer (level 11, -1/81 HPs)
             Began as a Formicid Wizard on Oct 15, 2020.
             Was a Priest of Kikubaaqudgha.
             Slain by an orc knight
             ... wielding a +0 glaive
              (28 damage)
             ... in a bailey.
             The game lasted 00:48:24 (10786 turns).

DildoBatman the Conjurer (Formicid Wizard)         Turns: 10786, Time: 00:48:25

Health: -1/81      AC:  5    Str: 12    XL:     11   Next: 13%
Magic:  5/19       EV: 14    Int: 21    God:    Kikubaaqudgha [***...]
Gold:   361        SH:  4    Dex:  9    Spells: 9/21 levels left

rFire    . . .     SeeInvis +   a - +8 halberd
rCold    . . .     Gourm    .   F - +0 buckler
rNeg     + . .     Faith    .   G - +2 robe {rN+}
rPois    .         Spirit   .   (helmet unavailable)
rElec    .         Reflect  .   (no cloak)
rCorr    .         Harm     .   j - +0 pair of gloves
MR       +....                  (no boots)
Stlth    +++.......             (no amulet)
HPRegen  0.23/turn              h - ring of stealth
MPRegen  0.16/turn              (no ring)

@: no status effects
A: permanent stasis, dig shafts and tunnels, four strong arms, antennae 3
a: Dig, Shaft Self, Receive Corpses, Renounce Religion


You were in a bailey.
You worshipped Kikubaaqudgha.
Kikubaaqudgha was most pleased with you.
You were not hungry.

You visited 1 branch of the dungeon, and saw 9 of its levels.
You also visited: Bailey.

You collected 476 gold pieces.
You spent 115 gold pieces at shops.

Inventory:

Hand Weapons
 a - a +8 halberd (weapon)
 b - a +0 dagger of venom
 c - a +0 shortbow of flaming
Missiles
 f - 209 stones
 g - 4 curare-tipped darts
 l - 16 poisoned darts (quivered)
 m - 2 throwing nets
 t - 15 sling bullets
 w - 65 arrows
 J - 32 bolts
 R - 6 silver javelins
Armour
 j - a +0 pair of gloves (worn)
 F - a +0 buckler (worn)
 G - a +2 robe of positive energy (worn)
 K - a +1 robe of cold resistance
 L - a +1 scale mail of fire resistance
Jewellery
 h - a ring of stealth (left hand)
Wands
 y - a wand of acid (4)
 B - a wand of random effects (13)
 N - a wand of flame (14)
Scrolls
 e - a scroll of silence {unknown}
 i - a scroll of enchant weapon
 k - 2 scrolls of fear {unknown}
 q - 2 scrolls of blinking {unknown}
 x - 4 scrolls of remove curse
 H - 2 scrolls of identify {unknown}
 I - a scroll of magic mapping {unknown}
 O - 2 scrolls of fog {unknown}
 P - a scroll of vulnerability {unknown}
Potions
 d - a potion of ambrosia {unknown}
 n - 2 potions of resistance {unknown}
 o - a potion of haste {unknown}
 p - a potion of heal wounds
 r - 4 potions of curing
 C - a potion of degeneration {unknown}
 D - a potion of brilliance {unknown}
 E - a potion of lignification {unknown}
Miscellaneous
 s - a phantom mirror
Comestibles
 v - 11 rations


   Skills:
 * Level 5.8 Fighting
 * Level 5.8 Armour
 * Level 5.3 Dodging
 - Level 2.4 Stealth
 * Level 4.5 Shields
 - Level 5.7 Spellcasting
 - Level 6.0 Conjurations
   Level 1.0 Summonings
 - Level 4.5 Necromancy
   Level 0.8 Translocations
 - Level 5.0 Fire Magic
 - Level 5.0 Air Magic


You had 9 spell levels left.
You knew the following spells:

 Your Spells              Type           Power        Failure   Level  Hunger
a - Conjure Flame         Conj/Fire      ####....     3%          3    ##.....
c - Magic Dart            Conj           ####         1%          1    None
d - Vampiric Draining     Necr           ###.......   4%          3    ##.....
e - Mephitic Cloud        Conj/Pois/Air  ###.....     7%          3    ##.....
z - Sublimation of Blood  Necr           ###.......   2%          2    None

Your spell library contained the following spells:

 Spells                   Type           Power        Failure   Level  Hunger
 Foxfire                  Conj/Fire      ####         1%          1    None
 Pain                     Necr           ###.         1%          1    None
 Corpse Rot               Necr/Air       N/A          2%          2    None
 Call Imp                 Summ           ##......     10%         2    None
 Slow                     Hex            #.......     16%         2    None
 Animate Dead             Necr           N/A          16%         4    ####...
 Dispel Undead            Necr           ###.....     16%         4    ####...
 Agony                    Necr           ###.....     41%         5    #####..
 Excruciating Wounds      Chrm/Necr      ###.......   73%         5    #####..
 Death Channel            Necr           ###.......   94%         6    #######
 Blink                    Tloc           Unusable     N/A         2    N/A

Dungeon Overview and Level Annotations

Branches:
Dungeon (9/15)             Temple (0/1) D:7          Bailey (1/1)
   Lair: D:8-11         Orc: D:9-12

Altars:
Dithmenos
Elyvilon
Fedhas
Gozag
Kikubaaqudgha
Okawaru
Qazlal
Ru
Sif Muna
Uskayaw
Xom
Zin

Shops:
D:7 *

Portals:
Abyss: D:3

Annotations:
D:3 2 transporters, Gaxx's ghost, amateur DsGl


Innate Abilities, Weirdness & Mutations

You cannot be hasted, slowed, berserked, paralysed or teleported.
You can dig through walls and to a lower floor.
Your four strong arms can wield two-handed weapons with a shield.
You have a pair of large antennae on your head. (SInv)


Message History

The orc knight hits you with a cursed -3 halberd!
The orc knight no longer looks unusually strong. x2
There is a huge open gate here.
There's a creature in the gateway!
The orc knight seems less confused.
Things that are here:
a +0 halberd a +0 scale mail
Casting: Mephitic Cloud (dangerous; 7% risk of failure)
Confirm with . or Enter, or press ? or * to list all spells.
Aiming: Mephitic Cloud (dangerous; 7% risk of failure)
Press: ? - help, Shift-Dir - straight line, f/p - orc knight
Aim: an orc knight, wielding a +0 glaive and wearing a +0 chain mail (moderately wounded)
The ball explodes into a vile cloud!
The stinking cloud engulfs the orc knight but does no damage.
The orc knight is moderately wounded.
The orc knight is engulfed in noxious fumes.
The orc knight hits you from afar with a +0 glaive!!
You die...
Kikubaaqudgha rasps: "You have failed me!
Welcome... death!"

###### ####### ############
.....#########.....###.......)..#
......#.....#.......'............
......'..)..'.......'............
).....'.....'..)....'.......)...∩
......'.....'..).§☼○'............
......#.....#...@§o§'o...........
.....#########...○.###......)...#
###### ####### ############


You could see 2 orc knights.

Vanquished Creatures
  A two-headed ogre (D:8)
  4 orc knights (Bailey)
  Grinder (D:2)
  A hippogriff (D:9)
  2 hungry ghosts
  9 orc warriors
  An ice beast (D:7)
  An eye of draining (D:4)
  A necrophage (D:6)
  4 ogres
  A centaur (D:7)
  5 bullfrogs
  A jelly (D:9)
  2 gnoll sergeants
  4 scorpions
  A killer bee (D:4)
  4 crimson imps
  A howler monkey (D:4)
  A centaur zombie (D:6)
  A bullfrog zombie (D:7)
  A quasit (D:7)
  A bullfrog skeleton (D:5)
  A centaur skeleton (D:4)
  4 hounds
  3 orc priests
  4 orc wizards
  Terence (D:2)
  Jessica (D:2)
  12 worker ants
  2 hound zombies
  A hound skeleton (D:6)
  11 gnolls
  8 adders
  A shadow imp (D:4)
  2 oozes (D:2)
  2 adder skeletons
  A worm (D:2)
  6 dart slugs
  4 leopard geckos
  45 orcs
  11 giant cockroaches
  13 goblins
  11 hobgoblins
  7 jackals
  6 quokkas
  3 ball pythons
  9 bats
  7 frilled lizards
  6 kobolds
  2 leopard gecko skeletons
  A quokka skeleton (D:8)
  27 rats
260 creatures vanquished.

Notes
Turn   | Place    | Note
-------+----------+-------------------------------------------
     0 | D:1      | DildoBatman the Formicid Wizard began the quest for the
                  | Orb.
     0 | D:1      | Reached XP level 1. HP: 13/13 MP: 4/4
    19 | D:1      | Reached skill level 1 in Conjurations
   191 | D:1      | Reached XP level 2. HP: 15/19 MP: 0/6
   320 | D:1      | Reached skill level 2 in Conjurations
   479 | D:1      | Reached XP level 3. HP: 24/24 MP: 0/7
   983 | D:2      | Reached skill level 3 in Conjurations
  1059 | D:2      | Reached XP level 4. HP: 22/30 MP: 4/8
  1142 | D:2      | Learned a level 3 spell: Conjure Flame
  1146 | D:2      | Learned a level 3 spell: Mephitic Cloud
  1416 | D:2      | Noticed Terence
  1745 | D:2      | Reached skill level 4 in Conjurations
  1745 | D:2      | Reached XP level 5. HP: 31/35 MP: 3/9
  1833 | D:2      | Found a stormy altar of Qazlal.
  1834 | D:2      | Found a shadowy altar of Dithmenos.
  1836 | D:2      | Found a shimmering altar of Xom.
  2176 | D:3      | Noticed Grinder
  2272 | D:3      | Found a blossoming altar of Fedhas.
  2716 | D:3      | Noticed Jessica
  2959 | D:3      | Found a transporter.
  2965 | D:3      | Reached skill level 1 in Fire Magic
  3021 | D:3      | Found a transporter.
  3023 | D:3      | Noticed a small abomination
  3024 | D:3      | Identified the +5 short sword "Spiderslayer" {distort,
                  | *Noise Fragile rPois MP+9}
  3025 | D:3      | Noticed a toenail golem
  3110 | D:3      | Found a one-way gate to the infinite horrors of the Abyss.
  3147 | D:3      | Reached skill level 1 in Air Magic
  3202 | D:3      | Found a white marble altar of Elyvilon.
  3354 | D:3      | Noticed Gaxx's ghost (amateur DsGl)
  3415 | D:4      | Reached XP level 6. HP: 41/41 MP: 5/10
  3961 | D:4      | Reached XP level 7. HP: 45/46 MP: 5/11
  4203 | D:4      | Reached skill level 5 in Conjurations
  4478 | D:5      | Entered Level 5 of the Dungeon
  5291 | D:6      | Found an ancient bone altar of Kikubaaqudgha.
  5299 | D:6      | Became a worshipper of Kikubaaqudgha
  5312 | D:6      | Reached XP level 8. HP: 49/52 MP: 8/12
  5478 | D:2      | Killed Grinder
  5507 | D:2      | Killed Terence
  5669 | D:2      | Reached * piety under Kikubaaqudgha
  5669 | D:2      | Identified Kikubaaqudgha's Volume of Sinister Secrets
                  | (Kikubaaqudgha gifted it to you on level 2 of the Dungeon)
  5669 | D:2      | Received a gift from Kikubaaqudgha
  5738 | D:2      | Killed Jessica
  5873 | D:6      | Reached skill level 6 in Conjurations
  5929 | D:6      | Found a hide-covered altar of Uskayaw.
  6027 | D:6      | Found an opulent altar of Gozag.
  6274 | D:6      | Reached skill level 5 in Fire Magic
  6478 | D:6      | Reached skill level 1 in Shields
  6619 | D:6      | Found an iron altar of Okawaru.
  6723 | D:6      | Reached XP level 9. HP: 57/57 MP: 7/13
  7407 | D:7      | Found Rifesyhu's Assorted Antiques.
  7465 | D:7      | Reached skill level 1 in Fighting
  7465 | D:7      | Reached skill level 1 in Armour
  7465 | D:7      | Reached skill level 1 in Necromancy
  7465 | D:7      | Reached skill level 5 in Air Magic
  7531 | D:7      | Found a staircase to the Ecumenical Temple.
  7625 | D:7      | Found a sacrificial altar of Ru.
  7819 | D:7      | Found a shimmering blue altar of Sif Muna.
  7874 | D:7      | Identified Sif Muna's Disquisition on Flames
  8000 | D:7      | Found a glowing silver altar of Zin.
  8017 | D:7      | Found an opulent altar of Gozag.
  8462 | D:7      | Bought a scroll labeled HEACKI IGAESIDGH for 23 gold pieces
  8462 | D:7      | Bought a scroll labeled XYDANI COUDGH for 23 gold pieces
  8462 | D:7      | Bought a scroll labeled HEACKI IGAESIDGH for 23 gold pieces
  8462 | D:7      | Bought a scroll labeled OKISIU MUPRYMN for 23 gold pieces
  8462 | D:7      | Bought a scroll labeled HEACKI IGAESIDGH for 23 gold pieces
  8518 | D:8      | Learned a level 2 spell: Sublimation of Blood
  8522 | D:8      | Learned a level 3 spell: Vampiric Draining
  8524 | D:8      | Noticed a two-headed ogre
  8724 | D:8      | Got a shimmering ring mail
  8740 | D:8      | Identified the +0 ring mail of the Solstice {Int+3} (You
                  | found it on level 8 of the Dungeon)
  8792 | D:8      | Reached ** piety under Kikubaaqudgha
  8840 | D:8      | Reached XP level 10. HP: 65/70 MP: 4/17
  9336 | D:8      | Killed a two-headed ogre
  9336 | D:8      | Reached skill level 5 in Spellcasting
  9632 | D:9      | Found a flagged portal.
  9879 | Bailey   | Entered a bailey
 10096 | Bailey   | Reached *** piety under Kikubaaqudgha
 10096 | Bailey   | Identified Kikubaaqudgha's Disquisition on Necromancy
                  | (Kikubaaqudgha gifted it to you in a bailey)
 10096 | Bailey   | Received a gift from Kikubaaqudgha
 10205 | Bailey   | Noticed an orc knight
 10223 | Bailey   | Killed an orc knight
 10223 | Bailey   | Reached skill level 5 in Fighting
 10223 | Bailey   | Reached skill level 5 in Armour
 10416 | Bailey   | Noticed an orc knight
 10416 | Bailey   | Noticed an orc knight
 10452 | Bailey   | Noticed an orc knight
 10496 | Bailey   | Noticed an orc knight
 10540 | Bailey   | Noticed an orc knight
 10609 | Bailey   | Killed an orc knight
 10609 | Bailey   | Reached skill level 5 in Dodging
 10609 | Bailey   | Reached XP level 11. HP: 51/80 MP: 8/19
 10625 | Bailey   | Killed an orc knight
 10625 | Bailey   | Killed an orc knight
 10786 | Bailey   | Slain by an orc knight

Illustrated notes

Levels and vault maps discovered:
D:1:      minmay_arrival_glassed_features, layout_loops_corners
D:2:      layout_loops_ring, minitemple, minmay_rat_hole, uniq_terence
D:3:      minmay_evil_eye, layout_loops_ring, lemuel_doored_altar,
          lemuel_round_altar, gammafunk_ghost_abyssal_escape, uniq_grinder,
          uniq_jessica
D:4:      minmay_chambers_of_fours, layout_cave_pools, first_ration
D:5:      layout_loops_ring
D:6:      layout_layer_cave, kennysheep_okawaru_gauntlet, kennysheep_mini_moat,
          overflow_temple_1_default, mrwooster_statue_mirror,
          chequers_hall_statues_corner_a, hex_medium, chequers_jeans,
          nicolae_gozag_seed_capital
D:7:      layout_basic, grunt_temple_overflow_gold_and_silver,
          lemuel_coloured_pillars_altar, led_sif_book,
          minmay_temple_entry_trees, serial_shops, nicolae_shop_crystal
D:8:      layout_cave_pools
D:9:      layout_basic, kennysheep_little_box, erik_lair_orcish_takeover,
          enter_bailey_1
Bailey:   bailey_polearm_5, bailey

Skill      XL: |  1  2  3  4  5  6  7  8  9 10 |
---------------+-------------------------------+-----
Conjurations   | 1 2 3 4 5 6 |  6.0
Fire Magic     | 1 2 3 5 |  5.0
Air Magic      | 1 2 3 4 5 |  5.0
Shields        | 2 3 4 |  4.5
Dodging        | 3 5 |  5.3
Fighting       | 3 5 |  5.8
Armour         | 3 5 |  5.8
Necromancy     | 3 4 |  4.5
Spellcasting   | 4 5 |  5.7
Stealth        | |  2.4
Summonings     | |  1.0
Translocations | |  0.8

Action                   |  1- 3 |  4- 6 |  7- 9 | 10-12 || total
-------------------------+-------+-------+-------+-------++-------
Melee: Dagger            |    57 |    40 |   160 |    23 ||   280
       Spear             |       |       |   256 |    55 ||   311
       Trident           |       |       |    11 |       ||    11
       Halberd           |       |       |       |    64 ||    64
 Fire: Shortbow          |       |       |       |    24 ||    24
Throw: Dart              |       |    14 |    21 |    16 ||    51
       Boomerang         |       |       |     4 |       ||     4
 Cast: Magic Dart        |    44 |   148 |   102 |     8 ||   302
       Mephitic Cloud    |       |     8 |    22 |    43 ||    73
       Conjure Flame     |       |       |    30 |    21 ||    51
       Vampiric Draining |       |       |       |     7 ||     7
       Sublimation of Bl |       |       |       |     1 ||     1
 Abil: Dig               |     4 |     3 |    10 |     7 ||    24
Evoke: Wand              |       |       |     2 |       ||     2
  Use: Scroll            |       |     1 |     1 |     8 ||    10
       Potion            |       |       |       |    11 ||    11
 Stab: Sleeping          |     5 |     1 |     1 |       ||     7
       Confused          |       |     3 |    13 |    12 ||    28
  Eat: Chunk             |     1 |     9 |    14 |    10 ||    34
       Ration            |       |       |     2 |       ||     2
Armor: Robe              |    17 |     5 |    55 |     6 ||    83
Dodge: Dodged            |    30 |    35 |   137 |    83 ||   285
Block: Buckler           |       |       |    17 |    19 ||    36
